 Dungeon Crawl Stone Soup version 0.14-a0-1773-ge500af7 (webtiles) character file.

50 Mitsuki the Changer (level 2, -2/21 HPs)
             Began as a Merfolk Transmuter on Jan 7, 2014.
             Slain by a giant gecko (4 damage)
             ... on Level 2 of the Dungeon.
             The game lasted 00:03:52 (1355 turns).

Mitsuki the Changer (Merfolk Transmuter)            Turns: 1355, Time: 00:03:52

HP  -2/21        AC  3     Str 10      XL: 2   Next: 91%
MP   3/4         EV 13     Int 12      God:
Gold 28          SH  0     Dex 14      Spells:  1 memorised,  4 levels left

rFire  . . .     SeeInvis .     m - +0 hand axe
rCold  . . .     Clarity  .     i - +0 robe
rNeg   . . .     Conserve .     (no shield)
rPois  .         rCorr    .     (helmet restricted)
rElec  .         rRot     .     c - +0 cloak
SustAb . .       Spirit   .     (no gloves)
rMut   .         Warding  .     (no boots)
Saprov . . .     Stasis   .     (no amulet)
                                (no ring)
                                (no ring)

@: appendage, not resistant to hostile enchantments, unstealthy
A: change form in water, swift swim, horns 2
a: End Transformation


You were on level 2 of the Dungeon.
You were hungry.
You had grown temporary horns.
You visited 1 branch of the dungeon, and saw 2 of its levels.

You collected 28 gold pieces.

Inventory:

Hand weapons
 m - a +0,+0 hand axe (weapon)
Armour
 c - a +0 cloak (worn)
 i - a +0 robe (worn)
Comestibles
 a - 2 bread rations
 o - a rotting chunk of goblin flesh
Scrolls
 b - 2 scrolls of magic mapping {unknown}
 e - a scroll of amnesia {unknown}
 f - 3 scrolls of remove curse {unknown}
 g - 4 scrolls of identify {unknown}
 j - a scroll of blinking {unknown}
 l - a scroll of curse weapon {unknown}
 n - a scroll of random uselessness {unknown}
Potions
 h - a potion of lignification {unknown}
 k - 4 potions of curing {unknown}
Books
 d - a book of Changes

   Spells                             Type                      Level
   *Beastly Appendage                 Transmutation                1
   Sticks to Snakes                   Transmutation                2
   Spider Form                        Transmutation/Poison         3
   Ice Form                           Ice/Transmutation            4
   Blade Hands                        Transmutation                5


   Skills:
 - Level 1.1 Fighting
 - Level 2.6 Dodging
 - Level 3.2 Unarmed Combat
 - Level 2.0 Spellcasting
 + Level 4.4 Transmutations


You had 4 spell levels left.
You knew the following spells:

 Your Spells              Type           Power        Failure   Level  Hunger
a - Beastly Appendage     Trmt           ##....       6%          1    ##.....


Dungeon Overview and Level Annotations

Branches:
Dungeon (2/16)

Altars:
Ashenzari
Cheibriados

Annotations:
D:2 Sigmund


Innate Abilities, Weirdness & Mutations

You revert to your normal form in water.
You are very nimble and swift while swimming.
You have a pair of horns on your head.


Message History

You closely miss the giant gecko.
The giant gecko is heavily wounded.
The giant gecko closely misses you.
The giant gecko bites you but does no damage.
You hit the giant gecko.
The giant gecko is severely wounded.
The giant gecko barely misses you.
You closely miss the giant gecko.
The giant gecko is severely wounded.
The giant gecko barely misses you. The giant gecko bites you.
* * * LOW HITPOINT WARNING * * *
You are too injured to fight recklessly!
Casting: Beastly Appendage
Confirm with . or Enter, or press ? or * to list all spells.
You grow a pair of large bovine horns.
The giant gecko bites you.
* * * LOW HITPOINT WARNING * * *
You closely miss the giant gecko.
The giant gecko is severely wounded.
The giant gecko bites you.
You die...

... ###.### .##.....##
#..#.......#.# #..#.......#.#
#......_..... #..#.......#
#..#....l..# #.# #.# #..##..@..#
#.##.....
#..####.####..##.##.#.## ###
###.............##.##.#.## ....
..#.....######..##.##.#.##
#.#.##### #.# #.##.#.## #.#.# #.#
#.##.#.## #.#.# #.# #.##.#.##
########.#.# #.# #.##.#.##
..{....#.#.##########.###........


You could see a giant gecko.

Vanquished Creatures
  2 bats (D:1)
  2 giant cockroaches (D:2)
  2 goblins
  2 hobgoblins (D:1)
  4 jackals
  5 kobolds
  3 rats (D:1)
20 creatures vanquished.

Notes
Turn   | Place    | Note
--------------------------------------------------------------
     0 | D:1      | Mitsuki, the Merfolk Transmuter, began the quest for the Orb.
     0 | D:1      | Reached XP level 1. HP: 15/15 MP: 3/3
   300 | D:1      | Reached XP level 2. HP: 8/21 MP: 1/4
   623 | D:1      | Found a shattered altar of Ashenzari.
   781 | D:1      | Reached skill level 4 in Transmutations
  1135 | D:2      | Noticed Sigmund
  1342 | D:2      | Found a snail-covered altar of Cheibriados.
  1355 | D:2      | Slain by a giant gecko

Action                   || total
-------------------------++-------
Melee: Unarmed           ||    43
       Hand axe          ||    34
 Cast: Beastly Appendage ||    12
